cohdb
Replays
Latest Replays
All Replays
Popular Replays
Top Player Replays
Match Explorer
How It Works
Community
CoH3 Stats
Reddit
Sign in to upload your games and track your stats! →
Sign in with Steam
Match 42595155
Unlisted
Match 42595155
Overview
Messages
Build Orders
End
Panzergrenadier Squad
Selects Panzerjäger Kommand Battlegroup
Selects Mine Fields
Panzergrenadier Squad
Construct Light Support Kompanie
Forward Retreat Point
2.5-tonne Medical Truck
Fire Support Elements
Panzerjäger Mechanized Group
Combat Half-tracks
Selects Tank Busters
Veteran Squad Leaders
Construct Panzerarmee Kommand
Selects Defensive Positions
Walking Stuka Rocket Launcher
Panzerjäger Mechanized Group
Liquidus
魂牵梦萦
picaporte peek
Wohy
Brother
Ghost
paul915
hononi
0
0
Comments
sign in to comment!
No comments posted yet!